AoeStats
← davidAOE

Arabia

510016047Analyzed
4v4 RM · 1d ago on Sep 29, 2026· 37m 43s· 8 players
Game mode
Random Map
Map size
Large (8 player)
Population
200
Speed
Normal
Resources
Standard
Victory
Conquest
Starting age
Dark Age
Ending age
Imperial Age
RankedLock teamsTeams togetherTeam positionsShared explorationLock speedFull tech treeHidden civsTurbo modeCheats
Victory
Defeat
🇸🇻 Varangians · El Salvador
1294
+6
🇲🇽 Shu · Mexico
1127
+11
🇵🇪 Ethiopians · Peru
956
+19
🇨🇴 Franks · Colombia
583
+30
1030
-18
🇦🇷 Cumans · Argentina
1005
-17
🇧🇷 Koreans · Brazil
1003
-17
🇵🇪 Vietnamese · Peru
945
-14
[FNZ] F3RNZ
9:13 Loom
13:52 Feudal Age
21:21 Castle Age
21:25 Fletching
davidAOE
1:20 Loom
12:13 Feudal Age
22:51 Wheelbarrow
22:03 Town Watch
23:05 Forging
22:56 Scale Mail Armor
22:54 Gold Mining
28:19 Castle Age
28:12 Double-Bit Axe
28:09 Horse Collar
29:47 Iron Casting
29:17 Scale Barding Armor
29:11 Pikeman
victor.rodrigo159753
11:34 Feudal Age
12:24 Horse Collar
12:32 Double-Bit Axe
14:23 Wheelbarrow
21:02 Castle Age
23:13 Bow Saw
24:16 Hand Cart
24:53 Pikeman
33:02 Imperial Age
30:21 Elite Skirmisher
33:06 Chemistry
34:56 Imperial Skirmisher
JerryDi
0:27 Loom
12:54 Feudal Age
19:09 Castle Age
22:36 Double-Bit Axe
24:16 Fletching
25:45 Wheelbarrow
26:07 Elite Skirmisher
27:14 Padded Archer Armor
32:20 Bow Saw
31:52 Horse Collar
Ramírez0511
9:51 Feudal Age
11:23 Loom
12:14 Wheelbarrow
11:29 Double-Bit Axe
16:30 Fletching
18:08 Horse Collar
23:15 Castle Age
22:52 Gold Mining
22:53 Stone Mining
23:14 Padded Archer Armor
23:34 Crossbowman
24:19 Thumb Ring
24:32 Leather Archer Armor
24:13 Bodkin Arrow
25:22 Hand Cart
32:26 Imperial Age
32:51 Gold Shaft Mining
32:29 Bow Saw
35:00 Bracer
36:49 Town Watch
36:50 Arbalester
Trimetroprim
6:08 Loom
8:56 Feudal Age
9:43 Double-Bit Axe
14:59 Bloodlines
20:12 Forging
21:05 Scale Barding Armor
25:42 Castle Age
25:47 Light Cavalry
26:51 Chain Barding Armor
27:25 Husbandry
27:27 Gold Mining
28:56 Iron Casting
35:50 Wheelbarrow
35:03 Town Watch
36:16 Fletching
37:43 Bodkin Arrow
38:37 Hand Cart
crepaz
0:29 Loom
7:57 Loom
10:12 Feudal Age
15:48 Padded Archer Armor
22:45 Castle Age
21:39 Fletching
21:38 Double-Bit Axe
23:36 Crossbowman
24:22 Thumb Ring
24:51 Town Watch
26:29 Bodkin Arrow
38:41 Imperial Age
Caligula
1:30 Loom
12:12 Feudal Age
15:21 Wheelbarrow
14:33 Town Watch
24:41 Castle Age
23:13 Stone Mining
23:27 Gold Mining
23:50 Double-Bit Axe
25:43 Hand Cart
26:26 Bow Saw
28:47 Town Patrol
35:01 Imperial Age
33:05 Murder Holes
34:55 Gold Shaft Mining
36:50 Chemistry
36:02 Masonry
Connection lost

Rejoining the realm…

Still unreachable

The connection could not be restored.

Session expired

The server has moved on; the page needs a fresh start.